 Dungeon Crawl Stone Soup version 0.30.0-19-g36f170ea60 (webtiles) character file.

Game seed: 10808795545784947077

5 PaiMei the Digger (level 1, 0/11 HPs)
             Began as a Gargoyle Earth Elementalist on May 30, 2023.
             Killed from afar by a dart slug (1 damage)
             ... with a slug dart
             ... on level 1 of the Dungeon.
             The game lasted 00:00:56 (470 turns).

PaiMei the Digger (Gargoyle Earth Elementalist)      Turns: 470, Time: 00:00:56

Health: 0/11       AC:  4    Str: 11    XL:     1   Next: 80%
Magic:  3/3        EV: 11    Int: 15    God:
Gold:   40         SH:  0    Dex: 10    Spells: 3/4 levels left

rFire   . . .        j - +0 club
rCold   . . .        (no shield)
rNeg    + . .        a - +0 robe
rPois   ∞            (no helmet)
rElec   +            (no cloak)
rCorr   .            (no gloves)
SInv    .            (no boots)
Will    .....        (no amulet)
Stlth   ++           (no ring)
HPRegen 0.21/turn    (no ring)
MPRegen 0.08/turn

%: no passive effects
@: no status effects
A: sickness immunity, AC +2, negative energy resistance 1, electricity
resistance, torment resistance 1, petrification resistance
a: no special abilities


You were on level 1 of the Dungeon.
You visited 1 branch of the dungeon, and saw 1 of its levels.

You collected 40 gold pieces.

Inventory:

Hand Weapons
 d - a +0 dagger
 j - a +0 club (weapon)
Missiles
 c - 5 stones
 g - 4 boomerangs (quivered)
Armour
 a - a +0 robe (worn)
 k - a +0 leather armour
Scrolls
 f - 3 scrolls of enchant weapon {unknown}
 i - a scroll of identify {unknown}
Potions
 b - a potion of magic
 e - a potion of cancellation {unknown}
 h - 2 potions of curing {unknown}


   Skills:
 + Level 0.4 Fighting
 + Level 0.5 Armour
 - Level 1.5 Dodging
 - Level 2.1 Stealth
 + Level 2.1 Spellcasting
 - Level 0.7 Transmutations
 + Level 3.7 Earth Magic


You had 3 spell levels left.
You knew the following spells:

 Your Spells              Type           Power      Damage    Failure   Level
a - Sandblast             Erth           24%        2d8       4%          1

Your spell library contained the following spells:

 Spells                   Type           Power      Damage    Failure   Level
 Passwall                 Tmut/Erth      6%         N/A       13%         2
 Stone Arrow              Conj/Erth      14%        3d7       30%         3
 Petrify                  Tmut/Erth      8%         N/A       65%         4


Dungeon Overview and Level Annotations

Branches:
Dungeon (1/15)

Altars:


Innate Abilities, Weirdness & Mutations

You are immune to sickness and miasma.
Your stone body is resilient. (AC +2)
You are immune to poison.
You resist negative energy. (rN+)
You are resistant to electric shocks. (rElec)
You are resistant to unholy torment.
You are immune to petrification.


Message History

You hit the quokka.
The quokka is almost dead.
The quokka closely misses you. The quokka barely misses you.
You miss the quokka.
The quokka is almost dead.
The quokka bites you but does no damage.
You barely miss the quokka.
The quokka is almost dead.
The quokka barely misses you. The quokka closely misses you.
You hit the quokka.
You kill the quokka!
You see here a quokka corpse.
You now have 34 gold pieces (gained 14).
Found a leather armour.
Found a stone staircase leading down.
A kobold comes into view. It is wielding a +0 club.
You see here a +0 leather armour.
k - a +0 leather armour You hit the kobold.
The kobold is heavily wounded.
The kobold misses you.
You hit the kobold.
You kill the kobold!
You see here a +0 club.
There is a stone staircase leading down here.
Found an escape hatch in the floor.
You now have 40 gold pieces (gained 6).
There is an escape hatch in the floor here.
A dart slug comes into view.
Found a dagger.
A kobold comes into view. It is wielding a +0 whip.
Found a bronze ring and a cloak.
The kobold hits you with a +0 whip. The dart slug launches a dart at you.
The slug dart misses you. The kobold attacks as you move away!
The kobold hits you with a +0 whip.
* * * LOW HITPOINT WARNING * * *
The dart slug launches a dart at you. The slug dart hits you.
You die...

###.####.................#
...# ##.........########
#.### #.........# #.
#.........# ## .
#.........##... .
##............#
...........?.###
####......K..#
=........w@.#
###.........# #.).......#
##.......## ##...[.##
#######


You could see a dart slug and a kobold.

Vanquished Creatures
  An endoplasm (D:1)
  A kobold (D:1)
  A quokka (D:1)
  A frilled lizard (D:1)
  A rat (D:1)
5 creatures vanquished.

Notes
Turn   | Place    | Note
-------+----------+-------------------------------------------
     0 | D:1      | PaiMei the Gargoyle Earth Elementalist began the quest for
                  | the Orb.
     0 | D:1      | Reached XP level 1. HP: 10/10 MP: 3/3
   470 | D:1      | Killed from afar by a dart slug

Illustrated notes

Levels and vault maps discovered:
D:1:      saegor_arrival_simple_e, layout_rooms, minmay_domino_4

Action                     || total
---------------------------++-------
  Melee: Dagger            ||    15
         Club              ||     9
 Armour: Robe              ||     4
  Dodge: Dodged            ||    21
